AoeStats
← 从不压堡之人

Arena

508192114Analyzed
4v4 RM · 11d ago on Sep 21, 2026· 38m 21s· 8 players
Game mode
Random Map
Map size
Large (8 player)
Population
200
Speed
Normal
Resources
Standard
Victory
Conquest
Starting age
Dark Age
Ending age
Imperial Age
RankedLock teamsTeams togetherTeam positionsShared explorationLock speedFull tech treeHidden civsTurbo modeCheats
Victory
Defeat
🇨🇳 Ethiopians · China
1161
+14
🇸🇪 Japanese · Sweden
1159
+14
🇫🇷 Byzantines · France
1151
+14
🇨🇳 Persians · China
1122
+16
🇨🇳 Byzantines · China
1305
-22
🇨🇳 Spanish · China
1087
-13
1049
-12
🇨🇳 Sicilians · China
1016
-11
The Outpost Man
11:55 Feudal Age
13:24 Double-Bit Axe
16:09 Castle Age
14:16 Gold Mining
14:31 Stone Mining
16:28 Wheelbarrow
16:02 Loom
17:14 Horse Collar
17:51 Bow Saw
17:57 Heavy Plow
27:44 Hand Cart
28:14 Yasama
29:50 Guard Tower
33:10 Imperial Age
30:40 Fletching
32:21 Gold Shaft Mining
31:37 Gambesons
31:53 Squires
31:38 Arson
31:14 Man-at-Arms
32:02 Scale Mail Armor
32:23 Bodkin Arrow
32:52 Ballistics
33:19 Forging
33:25 Chain Mail Armor
32:33 Pikeman
35:35 Bracer
36:39 Chemistry
36:15 Keep
35:29 Long Swordsman
36:48 Iron Casting
36:28 Two-Handed Swordsman
37:23 Halberdier
KKUSH-PANIER
5:11 Loom
10:34 Feudal Age
11:04 Double-Bit Axe
13:54 Loom
18:10 Castle Age
16:34 Horse Collar
16:49 Gold Mining
19:49 Bow Saw
24:37 Wheelbarrow
28:17 Imperial Age
26:27 Stone Mining
26:27 Pikeman
27:08 Squires
27:41 Hand Cart
27:38 Scale Mail Armor
28:43 Heavy Plow
30:13 Chemistry
29:11 Fletching
30:19 Conscription
30:26 Forging
30:21 Halberdier
32:14 Murder Holes
34:54 Iron Casting
34:35 Chain Mail Armor
YajiuSenpai
10:42 Feudal Age
14:43 Castle Age
12:41 Double-Bit Axe
13:36 Horse Collar
15:58 Bow Saw
19:14 Loom
20:24 Wheelbarrow
19:35 Town Watch
25:16 Hand Cart
30:00 Imperial Age
29:05 Gold Mining
30:51 Gold Shaft Mining
31:03 Conscription
30:08 Heavy Scorpion
31:11 Ballistics
32:01 Siege Engineers
32:57 Chemistry
32:00 Torsion Engines
31:51 Capped Ram
33:49 Chemistry
33:43 Clinker Construction
33:47 Fortified Wall
33:09 Siege Ram
35:21 Scale Mail Armor
35:31 Forging
36:46 Onager
寻找迷失的爱
10:24 Feudal Age
12:13 Double-Bit Axe
14:36 Castle Age
12:31 Horse Collar
15:32 Bow Saw
18:16 Loom
21:27 Heavy Plow
23:17 Wheelbarrow
25:10 Stone Mining
25:11 Gold Mining
26:12 Hand Cart
29:48 Imperial Age
27:38 Forging
27:35 Scale Barding Armor
29:01 Iron Casting
28:41 Bloodlines
28:32 Husbandry
29:24 Chain Barding Armor
30:24 Gold Shaft Mining
30:25 Stone Shaft Mining
29:45 Cavalier
30:49 Conscription
31:40 Blast Furnace
31:13 Savar
33:10 Chemistry
33:36 Ballistics
34:23 Plate Barding Armor
BLUE POISON
10:43 Feudal Age
11:57 Double-Bit Axe
14:35 Castle Age
12:29 Horse Collar
15:40 Bow Saw
19:08 Wheelbarrow
24:41 Hand Cart
24:29 Gold Mining
24:57 Heavy Plow
28:49 Imperial Age
27:17 Gold Shaft Mining
26:33 Stone Mining
26:27 Treadmill Crane
27:02 Scale Barding Armor
27:23 Forging
28:11 Stone Shaft Mining
27:54 Caravan
28:16 Chain Barding Armor
27:42 Loom
28:12 Scale Mail Armor
28:31 Murder Holes
29:12 Iron Casting
29:20 Squires
29:06 Arson
29:08 Gambesons
29:42 Chain Mail Armor
29:13 Gambesons
30:10 Conscription
29:22 Pikeman
31:19 Plate Barding Armor
31:14 Plate Mail Armor
31:03 Logistica
30:16 Elite Cataphract
31:58 Logistica
33:28 Two-Man Saw
32:48 Husbandry
33:52 Hoardings
34:55 Chemistry
33:57 Capped Ram
36:35 Siege Ram
洗心革面重新做人TownYan
10:49 Feudal Age
11:19 Double-Bit Axe
14:21 Castle Age
12:33 Horse Collar
16:08 Wheelbarrow
22:18 Hand Cart
21:50 Loom
22:42 Gold Mining
22:54 Stone Mining
24:15 Gold Shaft Mining
24:27 Stone Shaft Mining
24:24 Bow Saw
24:15 Heavy Plow
29:11 Imperial Age
26:28 Town Watch
27:11 Masonry
27:22 Ballistics
27:07 Devotion
27:44 Forging
28:23 Scale Barding Armor
28:22 Husbandry
28:32 Bloodlines
29:37 Guilds
29:56 Conscription
29:57 Chain Barding Armor
30:13 Iron Casting
31:11 Chemistry
30:42 Architecture
31:46 Caravan
32:22 Plate Barding Armor
31:09 Elite War Elephant
33:05 Blast Furnace
31:55 Fletching
33:31 Two-Man Saw
33:01 Crop Rotation
34:56 Hoardings
38:09 Bodkin Arrow
D4C
11:35 Feudal Age
12:53 Double-Bit Axe
15:26 Castle Age
13:09 Horse Collar
14:06 Loom
17:06 Bow Saw
19:30 Town Watch
22:15 Heavy Plow
23:45 Gold Mining
24:57 Wheelbarrow
25:44 Gold Shaft Mining
27:16 Hand Cart
27:55 Town Patrol
30:36 Imperial Age
28:36 Scale Mail Armor
28:39 Squires
28:25 Arson
29:35 First Crusade
29:30 Town Patrol
29:47 Chain Mail Armor
29:45 Forging
31:49 Iron Casting
30:50 Capped Ram
32:33 Chemistry
32:30 Plate Mail Armor
31:43 Elite Serjeant
31:47 Siege Ram
34:00 Blast Furnace
33:29 Conscription
33:58 Siege Engineers
34:26 Arrowslits
35:58 Hoardings
36:11 Pikeman
37:26 Crop Rotation
37:17 Fletching
37:50 Ballistics
37:26 Murder Holes
37:42 Masonry
37:36 Stone Mining
37:48 Halberdier
38:25 Bodkin Arrow
从不压堡之人
10:47 Feudal Age
14:48 Castle Age
12:36 Double-Bit Axe
12:53 Horse Collar
20:17 Wheelbarrow
21:05 Loom
22:24 Heavy Plow
23:20 Town Watch
27:51 Sanctity
27:41 Fervor
27:51 Sanctity
27:41 Fervor
28:04 Hand Cart
31:37 Imperial Age
29:37 Inquisition
30:00 Ballistics
29:30 Fletching
30:25 Husbandry
30:35 Bloodlines
30:50 Redemption
31:18 Gold Mining
31:18 Stone Mining
32:29 Guilds
32:56 Theocracy
32:47 Illumination
32:43 Block Printing
32:41 Caravan
32:48 Bodkin Arrow
33:42 Conscription
34:37 Chemistry
33:52 Bow Saw
34:51 Chemistry
33:50 Arrowslits
34:19 Sappers
34:54 Guard Tower
34:59 Murder Holes
38:21 Masonry
38:46 Keep
38:21 Masonry
38:46 Keep
38:33 Bombard Tower
Connection lost

Rejoining the realm…

Still unreachable

The connection could not be restored.

Session expired

The server has moved on; the page needs a fresh start.